 Dungeon Crawl Stone Soup version 0.29-a0-303-ge4682ce883 (webtiles) character file.

Game seed: 13763649787890737537

72 kae the Gusty (level 4, -1/37 HPs)
             Began as a Tengu Air Elementalist on Mar 25, 2022.
             Killed by their own static electricity (3 damage)
             ... on level 2 of the Dungeon.
             The game lasted 00:01:35 (2058 turns).

kae the Gusty (Tengu Air Elementalist)              Turns: 2058, Time: 00:01:36

Health: -1/37      AC: 22    Str:  8    XL:     4   Next: 25%
Magic:  2/8        EV:  2    Int: 18    God:
Gold:   142        SH:  0    Dex: 14    Spells: 4/7 levels left

rFire   . . .      SeeInvis .   f - +0 whip
rCold   . . .      Faith    .   (no shield)
rNeg    . . .      Spirit   .   (body armour currently unavailable)
rPois   +          Reflect  .   (helmet currently unavailable)
rElec   .          Harm     .   (cloak currently unavailable)
rCorr   .          Rampage  .   (gloves currently unavailable)
Will    .....      NoTele   +   (boots unavailable)
Stlth   ++........              (no amulet)
HPRegen 0.12/turn               (no ring)
MPRegen 0.11/turn               (no ring)

@: tree-form, very slightly contaminated
A: stationary, stasis, torment immunity, boosted hp, (beak), (talons 3)
a: no special abilities


You were on level 2 of the Dungeon.
You were a tree.
You visited 1 branch of the dungeon, and saw 2 of its levels.

You collected 142 gold pieces.

Inventory:

Hand Weapons
 f - a +0 whip (weapon)
Armour
 a - a +0 robe (melded)
Jewellery
 c - a ring of ice
Scrolls
 d - 2 scrolls of identify {unknown}
 h - 2 scrolls of fear {unknown}
 i - a scroll of enchant armour {unknown}
 j - a scroll of magic mapping {unknown}
Potions
 b - a potion of magic
 g - a potion of attraction {unknown}
 k - 2 potions of flight {unknown}
 l - 2 potions of curing {unknown}
 m - a potion of ambrosia {unknown}


   Skills:
 + Level 1.0 Fighting
 + Level 1.3 Armour
 + Level 2.6 Dodging
 - Level 2.0 Stealth
 + Level 2.3 Spellcasting
 + Level 2.3 Conjurations
 * Level 4.9 Air Magic


You had 4 spell levels left.
You knew the following spells:

 Your Spells              Type           Power      Damage    Failure   Level
a - Shock                 Conj/Air       60%        1d6       3%          1
b - Static Discharge      Conj/Air       15%        N/A       6%          2

Your spell library contained the following spells:

 Spells                   Type           Power      Damage    Failure   Level
 Swiftness                Air            20%        N/A       7%          3
 Airstrike                Air            10%        N/A       22%         4


Dungeon Overview and Level Annotations

Branches:
Dungeon (2/15)

Altars:

Annotations:
D:2 Robin


Innate Abilities, Weirdness & Mutations

You are a tree.
Your roots penetrate the ground, keeping you stationary.
You cannot be teleported.
You are immune to unholy pain and torment.
Your maximum health is greatly increased.
Your equipment is partially melded.
((You have a beak for a mouth.))
((You have claws for feet.))


Message History

The goblin is severely wounded.
The lightning grounds out.
A goblin comes into view. It is wielding a +0 club.
The goblin misses you. The goblin hits you with a +0 club.
* * * LOW HITPOINT WARNING * * *
The goblin misses you. The goblin hits you with a +0 dagger.
* * * LOW HITPOINT WARNING * * *
A goblin comes into view. It is wielding a +0 club.
The goblin hits you but does no damage. The goblin hits you with a +0 club.
* * * LOW HITPOINT WARNING * * *
Unknown command.
Okay, then.
It was a potion of lignification.
You turn into a tree.
Your +0 robe melds into your body.
Your roots penetrate the ground.
The goblin hits you but does no damage. The goblin completely misses you.
A goblin comes into view. It is wielding a +0 club.
The goblin hits you but does no damage.
Casting: Static Discharge (safe; 6% risk of failure)
Confirm with . or Enter, or press ? or * to list all spells.
You miscast Static Discharge.
You are very lightly contaminated with residual magic.
Nothing appears to happen.
Robin points. "Kill!"
Robin roars a battlecry!
The goblin goes into a battle-frenzy!
The goblin hits you but does no damage. x2; The goblin barely misses you.
Casting: Static Discharge (safe; 6% risk of failure)
Confirm with . or Enter, or press ? or * to list all spells.
The goblin is struck by an arc of lightning!
You kill the goblin!
The goblin is struck by an arc of lightning.
You kill the goblin!
The goblin is struck by an arc of lightning.
The goblin is severely wounded.
The lightning grounds out.
The hobgoblin is struck by an arc of lightning.
You kill the hobgoblin!
You are struck by an arc of lightning.
You die...

#........##........#
#.###........^##..#
# #............##
#....##.###..#
#....##.# #..# #....
#.# #..# ##.#. #.#
#..# .. #.# #)g## #.
#)♣.# ##g.# #g.#
##)# g# g# g# .# .#


You could see Robin and 5 goblins.

Vanquished Creatures
  Jessica (D:2)
  2 worms (D:2)
  A dart slug (D:2)
  An orc (D:2)
  2 ball pythons (D:2)
  A bat (D:1)
  An endoplasm (D:1)
  4 hobgoblins
  6 jackals (D:1)
  5 kobolds
  A quokka (D:2)
  2 frilled lizards
  8 goblins
  2 rats
  A spectral goblin (D:1)
38 creatures vanquished.

Notes
Turn   | Place    | Note
-------+----------+-------------------------------------------
     0 | D:1      | kae the Tengu Air Elementalist began the quest for the Orb.
     0 | D:1      | Reached XP level 1. HP: 10/10 MP: 4/4
   105 | D:1      | Found a faded altar of an unknown god.
   666 | D:1      | Reached XP level 2. HP: 15/15 MP: 0/6
  1212 | D:2      | Learned a level 2 spell: Static Discharge
  1223 | D:2      | Reached XP level 3. HP: 20/20 MP: 2/7
  1224 | D:2      | Noticed Jessica
  1414 | D:2      | Killed Jessica
  1415 | D:2      | Reached skill level 1 in Armour
  1709 | D:2      | Reached XP level 4. HP: 17/24 MP: 4/8
  1825 | D:2      | Reached skill level 1 in Fighting
  2045 | D:2      | Noticed Robin
  2055 | D:2      | HP: 1/25 [goblin/+0 club[Robin] (2)]
  2058 | D:2      | Killed from afar by themself

Illustrated notes

Levels and vault maps discovered:
D:1:      minmay_arrival_hallway, layout_rooms,
          dreamdust_ecumenical_altar_drowned_temple
D:2:      layout_loops_ring, uniq_jessica, uniq_robin

Skill      XL: |  1  2  3  4 |
---------------+-------------+-----
Armour         | 1 |  1.3
Conjurations   | 2 |  2.3
Fighting       | 1 |  1.0
Dodging        | |  2.6
Stealth        | |  2.0
Spellcasting   | |  2.3
Air Magic      | |  4.9

Action                   |  1- 3 |  4- 6 || total
-------------------------+-------+-------++-------
Melee: Unarmed           |     6 |       ||     6
       Peck              |     5 |     3 ||     8
       Whip              |    13 |    16 ||    29
       Kick              |     3 |     5 ||     8
 Cast: Shock             |    47 |    13 ||    60
       Static Discharge  |     1 |     2 ||     3
  Use: Potion            |       |     1 ||     1
Armor: Robe              |     5 |     4 ||     9
       Skin              |       |     4 ||     4
Dodge: Dodged            |    16 |    11 ||    27

Table legend: (Time is in decaauts)
 A = Elapsed time spent in this place.
 B = Non-inter-level travel time spent in this place.
 C = Inter-level travel time spent in this place.
 D = Time resting spent in this place.
 E = Time spent auto-exploring this place.
 F = Levels seen in this place.
 G = Mean time per level.
                   A        B        C        D        E       F      G
               +--------+--------+--------+--------+--------+-----+--------+
         Total |   2073 |   2015 |     58 |    326 |   1431 |   2 | 1036.5 |
       Dungeon |   2073 |   2015 |     58 |    326 |   1431 |   2 | 1036.5 |
               +--------+--------+--------+--------+--------+-----+--------+

Top non-repeatable levels by time:
     D:1: 1281 daAuts
     D:2: 792 daAuts
